TOP OF THE 1ST |
Philadelphia Phillies batting - Pitching for Miami Marlins : RHP Adam Bonawitz
|
Pitching: RHP Adam Bonawitz
|
|
Batting: LHB Jeff Luvisi
|
0-0: Called Strike 0-1: DOUBLE (Line Drive, 7LS, EV 102.5 MPH)
|
Batting: LHB Nick Canizales
|
0-0: Called Strike 0-1: Ball 1-1: Foul Ball, location: 2F 1-2: Ball 2-2: Ground out U3 (Groundball, 3, EV 86.2 MPH) Jeff Luvisi to third
|
Batting: LHB Ryan Trombley
|
0-0: Ball 1-0: Ball 2-0: SINGLE (Groundball, 6MS, EV 64.4 MPH) (infield hit) Jeff Luvisi scores
|
Batting: RHB Chef Belew
|
0-0: Ball 1-0: Ball Ryan Trombley steals 2nd base (no throw) 2-0: Foul Ball, location: 2F 2-1: Called Strike 2-2: Ball 3-2: Base on Balls
|
Batting: RHB Quintin Parker
|
0-0: Swinging Strike 0-1: Ball 1-1: Swinging Strike 1-2: Ball 2-2: Grounds into double play, 4-6-3 (Groundball, 4S, EV 85.6 MPH)
|
Top of the 1st over - 1 run, 2 hits, 0 errors, 1 left on base; Philadelphia 1 - Miami 0 |
BOTTOM OF THE 1ST |
Miami Marlins batting - Pitching for Philadelphia Phillies : LHP Ayaz bin Jalal
|
Pitching: LHP Ayaz bin Jalal
|
|
Batting: RHB Roger Salazar
|
0-0: Called Strike 0-1: Ball 1-1: Foul Ball, location: 2F 1-2: SINGLE (Groundball, 56D, EV 96.9 MPH)
|
Batting: RHB Justin Huff
|
0-0: Called Strike 0-1: 2-RUN HOME RUN (Flyball, 7D, EV 100.0 MPH), Distance : 385 ft
|
Batting: RHB Greg Herzig
|
0-0: Called Strike 0-1: Ball 1-1: Called Strike 1-2: Strikes out looking
|
Batting: RHB Seth Tramontano
|
0-0: Called Strike 0-1: Foul Ball, location: 2F 0-2: Foul Ball, location: 2F 0-2: Ball 1-2: Fly out, F8 (Flyball, 8RM, EV 86.2 MPH)
|
Batting: RHB Steve Barnard
|
0-0: Foul Ball, location: 2F 0-1: Swinging Strike 0-2: Strikes out looking
|
Bottom of the 1st over - 2 runs, 2 hits, 0 errors, 0 left on base; Philadelphia 1 - Miami 2 |
TOP OF THE 2ND |
Philadelphia Phillies batting - Pitching for Miami Marlins : RHP Adam Bonawitz
|
Pitching: RHP Alberto Negrete
|
|
Batting: LHB Alberto Figueroa
|
0-0: Called Strike 0-1: Ball 1-1: SINGLE (Line Drive, 7S, EV 89.4 MPH)
|
Batting: RHB Raul de la Cruz
|
0-0: Called Strike 0-1: Ball 1-1: Ball 2-1: Ball 3-1: Called Strike 3-2: Strikes out looking
|
Batting: RHB Melchor Sovrivilla
|
0-0: Ball 1-0: Ball 2-0: Ball 3-0: Called Strike 3-1: Called Strike 3-2: Foul Ball, location: 2F 3-2: Foul Ball, location: 2F 3-2: Fly out, F9 (Flyball, 89M, EV 94.4 MPH)
|
Batting: RHB Julian Nijhuis
|
0-0: Ball 1-0: Called Strike 1-1: Called Strike Alberto Figueroa steals 2nd base (no throw) 1-2: Foul Ball, location: 2F 1-2: Ground out 5-3 (Groundball, 56, EV 85.0 MPH)
|
Top of the 2nd over - 0 runs, 1 hit, 0 errors, 1 left on base; Philadelphia 1 - Miami 2 |
BOTTOM OF THE 2ND |
Miami Marlins batting - Pitching for Philadelphia Phillies : LHP Ayaz bin Jalal
|
Batting: LHB Chris Locklear
|
0-0: Foul Ball, location: 2F 0-1: Foul Ball, location: 2F 0-2: Foul Ball, location: 2F 0-2: Strikes out swinging
|
Batting: LHB Eric Bailey
|
0-0: Called Strike 0-1: Swinging Strike 0-2: Ball 1-2: Strikes out swinging
|
Batting: SHB Dan Zink
|
0-0: Foul Ball, location: 2F 0-1: Ball 1-1: Ground out U3 (Groundball, 34, EV 103.1 MPH)
|
Bottom of the 2nd over - 0 runs, 0 hits, 0 errors, 0 left on base; Philadelphia 1 - Miami 2 |
TOP OF THE 3RD |
Philadelphia Phillies batting - Pitching for Miami Marlins : RHP Alberto Negrete
|
Batting: LHB Jeff Luvisi
|
0-0: Ball 1-0: Ball 2-0: Called Strike 2-1: Called Strike 2-2: Ball 3-2: Base on Balls
|
Batting: LHB Nick Canizales
|
0-0: Called Strike Jeff Luvisi steals 2nd base 0-1: Ball 1-1: Ball 2-1: Ball 3-1: Swinging Strike 3-2: Base on Balls
|
Batting: LHB Ryan Trombley
|
0-0: Ball 1-0: Ball 2-0: Ball 3-0: Called Strike 3-1: SINGLE (Groundball, 6MD, EV 105.6 MPH) (infield hit) Jeff Luvisi to third Nick Canizales to second
|
Batting: RHB Chef Belew
|
0-0: Called Strike 0-1: Ball 1-1: Foul Ball, location: 2F 1-2: Foul Ball, location: 2F 1-2: Ball 2-2: Grounds into double play, 5-4-3 (Groundball, 56, EV 79.4 MPH) Jeff Luvisi scores Nick Canizales to third
|
Batting: RHB Quintin Parker
|
0-0: Ball 1-0: Foul Ball, location: 2F 1-1: SINGLE (Groundball, 3S, EV 67.5 MPH) (infield hit) Nick Canizales scores
|
Batting: LHB Alberto Figueroa
|
0-0: Ground out 4-3 (Groundball, 4, EV 91.2 MPH)
|
Top of the 3rd over - 2 runs, 2 hits, 0 errors, 1 left on base; Philadelphia 3 - Miami 2 |
BOTTOM OF THE 3RD |
Miami Marlins batting - Pitching for Philadelphia Phillies : LHP Ayaz bin Jalal
|
Batting: LHB Kyle Beaulieu
|
0-0: Ball 1-0: Fly out, F7 (Line Drive, 7D, EV 90.0 MPH)
|
Batting: RHB Roger Salazar
|
0-0: Swinging Strike 0-1: Ball 1-1: Ball 2-1: Foul Ball, location: 2F 2-2: Strikes out swinging
|
Batting: RHB Justin Huff
|
0-0: Called Strike 0-1: Ball 1-1: Ball 2-1: Ball 3-1: Called Strike 3-2: Strikes out swinging
|
Bottom of the 3rd over - 0 runs, 0 hits, 0 errors, 0 left on base; Philadelphia 3 - Miami 2 |
TOP OF THE 4TH |
Philadelphia Phillies batting - Pitching for Miami Marlins : RHP Alberto Negrete
|
Batting: RHB Raul de la Cruz
|
0-0: Called Strike 0-1: Foul Ball, location: 2F 0-2: Foul Ball, location: 2F 0-2: SINGLE (Groundball, 34D, EV 105.6 MPH)
|
Batting: RHB Melchor Sovrivilla
|
0-0: Ball 1-0: Ball 2-0: Fly out, F8 (Flyball, 89XD, EV 94.4 MPH)
|
Batting: RHB Julian Nijhuis
|
0-0: Ball 1-0: Called Strike 1-1: Ball 2-1: Ball 3-1: SINGLE (Line Drive, 3D, EV 103.1 MPH) Raul de la Cruz to second
|
Batting: LHB Jeff Luvisi
|
0-0: Swinging Strike 0-1: Fly out, F6 (Popup, 6MD, EV 47.5 MPH)
|
Batting: LHB Nick Canizales
|
0-0: Ball 1-0: Foul Ball, location: 2F 1-1: SINGLE (Line Drive, 8RS, EV 90.6 MPH) Raul de la Cruz to third Julian Nijhuis to second Runner from 3rd tries for Home, SAFE, throw by CF to home
|
Batting: LHB Ryan Trombley
|
0-0: Ball 1-0: Swinging Strike 1-1: Swinging Strike 1-2: Strikes out swinging
|
Top of the 4th over - 1 run, 3 hits, 0 errors, 2 left on base; Philadelphia 4 - Miami 2 |
BOTTOM OF THE 4TH |
Miami Marlins batting - Pitching for Philadelphia Phillies : LHP Ayaz bin Jalal
|
Batting: RHB Greg Herzig
|
0-0: Ball 1-0: Ball 2-0: Foul Ball, location: 2F 2-1: Ball 3-1: Ground out 6-3 (Groundball, 6, EV 78.8 MPH)
|
Batting: RHB Seth Tramontano
|
0-0: Ball 1-0: Ball 2-0: Called Strike 2-1: Called Strike 2-2: Ball 3-2: Strikes out swinging
|
Batting: RHB Steve Barnard
|
0-0: Fly out, F3 (Popup, 3SF, EV 77.5 MPH)
|
Bottom of the 4th over - 0 runs, 0 hits, 0 errors, 0 left on base; Philadelphia 4 - Miami 2 |
TOP OF THE 5TH |
Philadelphia Phillies batting - Pitching for Miami Marlins : RHP Alberto Negrete
|
Batting: RHB Chef Belew
|
0-0: Called Strike 0-1: SINGLE (Groundball, 6MD, EV 101.9 MPH)
|
Batting: RHB Quintin Parker
|
0-0: Grounds into double play, 5-4-3 (Groundball, 56, EV 79.4 MPH)
|
Batting: LHB Alberto Figueroa
|
0-0: Ball 1-0: Fly out, F7 (Flyball, 7, EV 93.8 MPH)
|
Top of the 5th over - 0 runs, 1 hit, 0 errors, 0 left on base; Philadelphia 4 - Miami 2 |
BOTTOM OF THE 5TH |
Miami Marlins batting - Pitching for Philadelphia Phillies : LHP Ayaz bin Jalal
|
Batting: LHB Chris Locklear
|
0-0: Ball 1-0: Ball 2-0: Ground out 4-3 (Groundball, 4, EV 79.4 MPH)
|
Batting: LHB Eric Bailey
|
0-0: Called Strike 0-1: Ground out 6-3 (Groundball, 6S, EV 78.1 MPH)
|
Batting: SHB Dan Zink
|
0-0: Called Strike 0-1: Foul Ball, location: 2F 0-2: Foul Ball, location: 2F 0-2: Ball 1-2: Ground out U3 (Groundball, 34S, EV 78.8 MPH)
|
Bottom of the 5th over - 0 runs, 0 hits, 0 errors, 0 left on base; Philadelphia 4 - Miami 2 |
TOP OF THE 6TH |
Philadelphia Phillies batting - Pitching for Miami Marlins : RHP Alberto Negrete
|
Batting: RHB Raul de la Cruz
|
0-0: Ball 1-0: Called Strike 1-1: Called Strike 1-2: Strikes out swinging, 2-3 out at first.
|
Batting: RHB Melchor Sovrivilla
|
0-0: Called Strike 0-1: Ball 1-1: SINGLE (Flyball, 3D, EV 96.2 MPH)
|
Batting: RHB Julian Nijhuis
|
0-0: Ball Melchor Sovrivilla steals 2nd base 1-0: Ball 2-0: Called Strike 2-1: Fly out, F8 (Line Drive, 8LD, EV 101.2 MPH)
|
Batting: LHB Jeff Luvisi
|
0-0: Ball 1-0: Ball 2-0: Ball 3-0: Called Strike 3-1: Base on Balls
|
Batting: LHB Nick Canizales
|
0-0: Ball 1-0: Ball 2-0: Ball 3-0: Called Strike 3-1: Base on Balls Melchor Sovrivilla to third Jeff Luvisi to second
|
Batting: LHB Ryan Trombley
|
0-0: Ball 1-0: Swinging Strike 1-1: Ball 2-1: Ball 3-1: Foul Ball, location: 2F 3-2: Strikes out swinging
|
Top of the 6th over - 0 runs, 1 hit, 0 errors, 3 left on base; Philadelphia 4 - Miami 2 |
BOTTOM OF THE 6TH |
Miami Marlins batting - Pitching for Philadelphia Phillies : LHP Ayaz bin Jalal
|
Batting: LHB Kyle Beaulieu
|
0-0: Foul Ball, location: 2F 0-1: Ball 1-1: Swinging Strike 1-2: Foul Ball, location: 2F 1-2: Strikes out swinging
|
Batting: RHB Roger Salazar
|
0-0: Called Strike 0-1: Called Strike 0-2: Ball 1-2: Foul Ball, location: 2F 1-2: Ground out 6-3 (Groundball, 6, EV 91.2 MPH)
|
Batting: RHB Justin Huff
|
0-0: Ball 1-0: Ball 2-0: Called Strike 2-1: Ground out 6-3 (Groundball, 6, EV 76.9 MPH)
|
Bottom of the 6th over - 0 runs, 0 hits, 0 errors, 0 left on base; Philadelphia 4 - Miami 2 |
TOP OF THE 7TH |
Philadelphia Phillies batting - Pitching for Miami Marlins : RHP Alberto Negrete
|
Pitching: RHP Ian Newman
|
|
Batting: RHB Chef Belew
|
0-0: Ball 1-0: Swinging Strike 1-1: Swinging Strike 1-2: Foul Ball, location: 2F 1-2: Strikes out swinging
|
Batting: RHB Quintin Parker
|
0-0: Ball 1-0: Ball 2-0: Foul Ball, location: 2F 2-1: Ball 3-1: Base on Balls
|
Batting: LHB Alberto Figueroa
|
0-0: Called Strike Quintin Parker steals 2nd base 0-1: Called Strike 0-2: Ball 1-2: Ground out 4-3 (Groundball, 4, EV 106.2 MPH) Quintin Parker to third
|
Batting: RHB Raul de la Cruz
|
0-0: Called Strike 0-1: Fly out, F9 (Line Drive, 9, EV 95.0 MPH)
|
Top of the 7th over - 0 runs, 0 hits, 0 errors, 1 left on base; Philadelphia 4 - Miami 2 |
BOTTOM OF THE 7TH |
Miami Marlins batting - Pitching for Philadelphia Phillies : LHP Ayaz bin Jalal
|
Batting: RHB Greg Herzig
|
0-0: Ball 1-0: SINGLE (Groundball, 6S, EV 68.1 MPH) (infield hit)
|
Batting: RHB Seth Tramontano
|
0-0: Grounds into double play, 5-4-3 (Groundball, 56S, EV 91.9 MPH)
|
Batting: RHB Steve Barnard
|
0-0: Called Strike 0-1: Fly out, F7 (Flyball, 78D, EV 98.8 MPH)
|
Bottom of the 7th over - 0 runs, 1 hit, 0 errors, 0 left on base; Philadelphia 4 - Miami 2 |
TOP OF THE 8TH |
Philadelphia Phillies batting - Pitching for Miami Marlins : RHP Ian Newman
|
Pitching: RHP Ray Duncan
|
|
Batting: RHB Melchor Sovrivilla
|
0-0: Called Strike 0-1: Ball 1-1: Called Strike 1-2: Strikes out swinging
|
Batting: RHB Julian Nijhuis
|
0-0: Ball 1-0: Called Strike 1-1: Swinging Strike 1-2: Ball 2-2: Foul Ball, location: 2F 2-2: Foul Ball, location: 2F 2-2: Ground out 6-3 (Groundball, 6, EV 86.9 MPH)
|
Batting: LHB Jeff Luvisi
|
0-0: Ball 1-0: Foul Ball, location: 2F 1-1: Foul Ball, location: 2F 1-2: Ball 2-2: Ground out 5-3 (Groundball, 5L, EV 88.1 MPH)
|
Top of the 8th over - 0 runs, 0 hits, 0 errors, 0 left on base; Philadelphia 4 - Miami 2 |
BOTTOM OF THE 8TH |
Miami Marlins batting - Pitching for Philadelphia Phillies : LHP Ayaz bin Jalal
|
Batting: LHB Chris Locklear
|
0-0: Called Strike 0-1: Called Strike 0-2: Foul Ball, location: 2F 0-2: Ball 1-2: Foul Ball, location: 2F 1-2: Strikes out looking
|
Pitching: RHP Rico Romero
|
|
Batting: LHB Eric Bailey
|
0-0: Ball 1-0: Ball 2-0: Called Strike 2-1: SINGLE (Groundball, 4MS, EV 75.6 MPH) (infield hit)
|
Batting: SHB Dan Zink
|
0-0: Foul Ball, location: 2F 0-1: Ball Wild Pitch! Eric Bailey to second 1-1: Fly out, F8 (Flyball, 8RD, EV 90.0 MPH)
|
Batting: LHB Kyle Beaulieu
|
0-0: Swinging Strike 0-1: Ball 1-1: Foul Ball, location: 2F 1-2: Strikes out swinging
|
Bottom of the 8th over - 0 runs, 1 hit, 0 errors, 1 left on base; Philadelphia 4 - Miami 2 |
TOP OF THE 9TH |
Philadelphia Phillies batting - Pitching for Miami Marlins : RHP Ray Duncan
|
Batting: LHB Nick Canizales
|
0-0: Called Strike 0-1: Ball 1-1: Ball 2-1: Called Strike 2-2: Ground out 4-3 (Groundball, 34, EV 98.8 MPH)
|
Batting: LHB Ryan Trombley
|
0-0: Called Strike 0-1: Ball 1-1: Called Strike 1-2: SINGLE (Flyball, 9LM, EV 96.9 MPH)
|
Batting: RHB Chef Belew
|
0-0: Called Strike 0-1: Ball 1-1: Ball 2-1: Ball 3-1: Base on Balls Ryan Trombley to second
|
Batting: RHB Quintin Parker
|
0-0: Grounds into double play, 4-6-3 (Groundball, 4, EV 109.4 MPH)
|
Top of the 9th over - 0 runs, 1 hit, 0 errors, 1 left on base; Philadelphia 4 - Miami 2 |
BOTTOM OF THE 9TH |
Miami Marlins batting - Pitching for Philadelphia Phillies : RHP Rico Romero
|
Pitching: RHP Justin Howard
|
|
Pinch Hitting: LHB Andre Gorter
|
0-0: Foul Ball, location: 2F 0-1: Swinging Strike 0-2: SINGLE (Line Drive, 89M, EV 101.9 MPH)
|
Batting: RHB Justin Huff
|
0-0: Ball 1-0: Fly out, F7 (Flyball, 7, EV 93.8 MPH)
|
Batting: RHB Greg Herzig
|
0-0: Ball 1-0: Ball 2-0: Ball 3-0: Called Strike 3-1: Base on Balls Andre Gorter to second
|
Pinch Hitting: SHB Ramon Martinez
|
0-0: Called Strike 0-1: Foul Ball, location: 2F 0-2: Foul Ball, location: 2F 0-2: TRIPLE (Line Drive, 78XD, EV 103.1 MPH) Andre Gorter scores Greg Herzig scores
|
Batting: RHB Steve Barnard
|
0-0: Ball 1-0: SINGLE (Groundball, 6M, EV 101.2 MPH) Ramon Martinez scores
|
Bottom of the 9th over - 3 runs, 3 hits, 0 errors, 0 left on base; Philadelphia 4 - Miami 5 |
|
Game Over ... Miami defeats Philadelphia, 5 to 4
|
|
|